 Dungeon Crawl Stone Soup version 0.28.0-53-g5a82cb258f (webtiles) character file.

Game seed: 285090358603865705

45 buhh the Conjurer (level 3, 0/21 HPs)
             Began as an Octopode Conjurer on June 20, 2022.
             Slain by a bat (1 damage)
             ... on level 2 of the Dungeon.
             The game lasted 00:03:16 (1485 turns).

buhh the Conjurer (Octopode Conjurer)               Turns: 1485, Time: 00:03:17

Health: 0/21       AC:  2    Str:  6    XL:     3   Next: 64%
Magic:  1/6        EV: 13    Int: 22    God:
Gold:   65         SH:  0    Dex: 10    Spells: 3/6 levels left

rFire   . . .      SeeInvis .   (no weapon)
rCold   . . .      Faith    .   (no shield)
rNeg    . . .      Spirit   .   e - +1 hat
rPois   .          Reflect  .   (no amulet)
rElec   .          Harm     .   (no ring)
rCorr   .          Rampage  .   (no ring)
Will    .....                   (no ring)
Stlth   +++.......              (no ring)
HPRegen 0.07/turn               (no ring)
MPRegen 0.10/turn               (no ring)
                                (no ring)
                                (no ring)

@: no status effects
A: almost no armour, amphibious, 8 rings, camouflage 1, gelatinous body 1,
(nimble swimmer 1), tentacles
a: no special abilities


You were on level 2 of the Dungeon.
You visited 1 branch of the dungeon, and saw 2 of its levels.

You collected 65 gold pieces.

Inventory:

Armour
 e - a +1 hat (worn)
Scrolls
 b - a scroll of teleportation {unknown}
 c - a scroll of vulnerability {unknown}
 d - a scroll of immolation {unknown}
 g - a scroll of enchant weapon {unknown}
Potions
 a - a potion of heal wounds {unknown}
 f - 2 potions of curing {unknown}


   Skills:
 - Level 2.0 Dodging
 - Level 4.0 Stealth
 - Level 2.0 Spellcasting
 * Level 4.8 Conjurations


You had 3 spell levels left.
You knew the following spells:

 Your Spells              Type           Power      Damage    Failure   Level
a - Magic Dart            Conj           92%        1d7       1%          1
b - Searing Ray           Conj           46%        2d6       2%          2

Your spell library contained the following spells:

 Spells                   Type           Power      Damage    Failure   Level
 Dazzling Flash           Conj/Hex       24%        N/A       16%         3
 Blink                    Tloc           4%         N/A       21%         2
 Fulminant Prism          Conj/Hex       6%         3d7       45%         4
 Iskenderun's Mystic Bla  Conj/Tloc      12%        2d5       45%         4
 Manifold Assault         Tloc           2%         N/A       98%         5
 Storm Form               Tmut/Air       1%         N/A       100%        7


Dungeon Overview and Level Annotations

Branches:
Dungeon (2/15)

Altars:
Yredelemnul

Shops:
D:1 (

Annotations:
D:2 Sigmund


Innate Abilities, Weirdness & Mutations

You cannot wear most types of armour.
You are amphibious.
You can wear up to eight rings at the same time.
Your skin changes colour to match your surroundings (Stealth+).
Your rubbery body absorbs attacks. (AC +1, EV +1)
((You are camouflaged when in or above water. (Stealth+)))
You have tentacles for arms and can constrict up to eight enemies at once.


Message History

Sigmund the Dreaded comes into view.
He is wielding a +0 scythe.
Sigmund shouts!
Sigmund points at you and mumbles some strange words.
The magic dart hits you.
Sigmund says, "Your kind have come here before.
I understand now why.
You desire death..."
A bat comes into view.
The bat moves out of view.
Sigmund gestures wildly while chanting.
Sigmund flickers and vanishes!
Deactivating autopickup; reactivate with Ctrl-A.
You can't see any susceptible monsters within range! (Use Z to cast anyway.)
Aiming: Searing Ray (safe; 2% risk of failure)
Press: ? - help, Q - select action, (/) - cycle Shift-Dir - straight line
Okay, then.
Aiming: Searing Ray (safe; 2% risk of failure)
Press: ? - help, Q - select action, (/) - cycle Shift-Dir - straight line The searing ray hits something. (Press . to maintain the ray.)
The bat hits you. The bat closely misses you. Something hits you!
Without enough magic to sustain it, your searing ray dissipates.
The bat hits you. Something barely misses you. The bat closely misses you.
A goblin comes into view. It is wielding a +0 dagger.
A puff of flame appears from out of thin air!
The puff of flame hits you!
* * * LOW HITPOINT WARNING * * *
You barely miss the bat. Your grab misses the bat.
The goblin shouts!
The bat hits you but does no damage. The bat hits you.
* * * LOW HITPOINT WARNING * * *
An adder comes into view.
The bat misses you. The bat hits you.
* * * LOW HITPOINT WARNING * * *
You see here a scroll labelled AKKUUL USHRURIM.
The bat hits you.
You die...

### ........ ## .......#
.### .......# ...###
####.....##
.....######..####.........#
###...<...................##
##.########. ...#........##
#.# #.##bg).$....## #.#
#@#..#........# #.#
#.b?###.......# #.# #..#..#
#{......# #.# ##.##.#
##.....## #.#### # #..#.#
##.....## #.. .< .#
##...###.......### ## #.##.#
....##..........# .# ....
#..##..........# .# ##.##
.#..###.........#


You could see a bat.

Vanquished Creatures
  An adder (D:2)
  A worm (D:2)
  3 dart slugs
  2 ball pythons (D:1)
  3 bats
  2 giant cockroaches (D:2)
  3 goblins
  A hobgoblin (D:2)
  3 jackals (D:2)
  2 kobolds
  2 quokkas (D:1)
  2 rats (D:1)
25 creatures vanquished.

Notes
Turn   | Place    | Note
-------+----------+-------------------------------------------
     0 | D:1      | buhh the Octopode Conjurer began the quest for the Orb.
     0 | D:1      | Reached XP level 1. HP: 11/11 MP: 3/3
    33 | D:1      | Found a faded altar of an unknown god.
   212 | D:1      | Reached XP level 2. HP: 17/17 MP: 1/5
   588 | D:1      | Found Lucw's Antique Weapon Shoppe.
   860 | D:2      | Found a basalt altar of Yredelemnul.
  1011 | D:2      | Reached XP level 3. HP: 21/21 MP: 4/6
  1084 | D:2      | Learned a level 2 spell: Searing Ray
  1446 | D:2      | Noticed Sigmund
  1483 | D:2      | HP: 1/21 [bat (1)]
  1485 | D:2      | Slain by a bat

Illustrated notes

Levels and vault maps discovered:
D:1:      minmay_arrival_diagonal_passages, layout_loops_cross, serial_shops,
          nicolae_shop_hallway_plus, basic_ecumenical_altar
D:2:      layout_rooms, basic_altar, uniq_sigmund

Skill      XL: |  1  2  3 |
---------------+----------+-----
Stealth        | 3 4 |  4.0
Dodging        | |  2.0
Spellcasting   | |  2.0
Conjurations   | |  4.8

Action                   || total
-------------------------++-------
Melee: Unarmed           ||     1
 Cast: Magic Dart        ||    46
       Searing Ray       ||     6
Armor: Skin              ||     3
Dodge: Dodged            ||     8
